 Dungeon Crawl Stone Soup version 0.30-a0-534-gdc55766716 (webtiles) character file.

Game seed: 6449742842475844393

1083 arthad the Magician (level 8, -4/58 HPs)
             Began as a Djinni Hedge Wizard on Dec 24, 2022.
             Slain by a wight
             ... wielding a +2 long sword of freezing
              (5 damage)
             ... on level 6 of the Dungeon.
             The game lasted 00:13:47 (6109 turns).

arthad the Magician (Djinni Hedge Wizard)           Turns: 6109, Time: 00:13:47

Health: -4/58      AC:  8    Str:  9    XL:     8   Next: 55%
Gold:   51         EV: 13    Int: 18    God:
                   SH:  0    Dex: 13

rFire   + + .      SeeInvis .    w - +1 whip (drain)
rCold   . . .      Faith    .    n - orb {light}
rNeg    . . .      Spirit   .    u - +1 leather armour {rC+}
rPois   ∞          Reflect  .    c - +0 hat
rElec   .          Harm     .    (no cloak)
rCorr   .          Rampage  .    (no gloves)
Will    +....                    (boots unavailable)
Stlth   +                        (no amulet)
HPRegen 0.29/turn                e - +4 ring of protection
MPRegen 0.00/turn                x - ring of willpower

@: flying, glowing
A: sickness immunity, fire resistance 2, cold vulnerability 1, float, innate
caster, HP casting, extra vitality 1
a: no special abilities


You were on level 6 of the Dungeon.
You visited 1 branch of the dungeon, and saw 6 of its levels.

You collected 334 gold pieces.
You spent 283 gold pieces at shops.

Inventory:

Hand Weapons
 a - a +0 dagger
 w - a +1 whip of draining (weapon)
Missiles
 k - 6 curare-tipped darts
 s - 7 poisoned darts
Armour
 b - a +0 robe
 c - a +0 hat (worn)
 n - an orb of light (worn)
 u - a +1 leather armour of cold resistance (worn)
Jewellery
 e - a +4 ring of protection (left hand)
 v - the ring "Jautof" {Fire rPois}
   (You bought it in a shop on level 1 of the Dungeon)

   [ring of fire]

   It enhances your fire magic.
   rF:        It protects you from fire.
   rC:        It makes you vulnerable to cold.
   rPois:     It protects you from poison.
 x - a ring of willpower (right hand)
 B - the ring of Truth {rPois rF+ Will+ Str+3}
   (You found it on level 6 of the Dungeon)

   [ring of poison resistance]

   Str:       It affects your strength (+3).
   rF:        It protects you from fire.
   rPois:     It protects you from poison.
   Will:      It increases your willpower.
Scrolls
 f - 4 scrolls of enchant armour {unknown}
 g - 7 scrolls of identify {unknown}
 i - 4 scrolls of vulnerability {unknown}
 l - a scroll of noise {unknown}
 o - 2 scrolls of enchant weapon {unknown}
 p - 2 scrolls of magic mapping {unknown}
 q - a scroll of silence {unknown}
 t - 2 scrolls of acquirement {unknown}
 y - a scroll of fog {unknown}
 C - a scroll of teleportation {unknown}
Potions
 d - 4 potions of magic
 j - a potion of berserk rage {unknown}
 m - 5 potions of heal wounds {unknown}
 r - 2 potions of degeneration {unknown}
 z - a potion of lignification {unknown}
 A - a potion of resistance {unknown}


   Skills:
 + Level 3.9 Fighting
 + Level 5.1 Dodging
 + Level 4.1 Stealth
 * Level 5.2 Spellcasting


You couldn't memorise any spells.
You knew the following spells:

 Your Spells              Type           Power      Damage    Failure   Level
a - Magic Dart            Conj           92%        1d7       2%          1
b - Slow                  Hex            92%        N/A       2%          1
c - Blink                 Tloc           46%        N/A       3%          2
d - Call Imp              Summ           23%        N/A       3%          2
e - Cigotuvi's Dreadful   Necr/Pois/Air  46%        N/A       3%          2
f - Mephitic Cloud        Conj/Pois/Air  23%        N/A       6%          3
g - Shock                 Conj/Air       92%        1d8       2%          1
h - Wereblood             Tmut           23%        N/A       3%          2
i - Teleport Other        Tloc           23%        N/A       6%          3
Your spell library was empty.

Dungeon Overview and Level Annotations

Branches:
Dungeon (6/15)             Temple (0/1) D:5

Altars:
Gozag
Hepliaklqana
Nemelex Xobeh
Ru
Zin

Shops:
D:1 *   D:4 (   D:5 (


Innate Abilities, Weirdness & Mutations

You are immune to sickness and miasma.
You are immune to poison.
Your flesh is very heat resistant. (rF++)
You are vulnerable to cold. (rC-)
You float through the air rather than walking.
You learn spells naturally, not from books.
Your magical power is your life essence.
You have superior vitality. (+4 MHP)


Message History

Press: ? - help, Shift-Dir - straight line, p - wight The zap hits the wight.
The wight is almost destroyed.
The zap hits the wight.
The wight is lightly damaged.
The wight closely misses you.
The wight hits you from afar with a +2 halberd!
* * * LOW HITPOINT WARNING * * *
Casting: Shock (safe; 2% risk of failure)
Confirm with . or Enter, or press ? or * to list all spells.
Aiming: Shock (safe; 2% risk of failure)
Press: ? - help, Shift-Dir - straight line The zap hits the wight.
You destroy the wight!
The zap misses the wight.
* * * LOW HITPOINT WARNING * * *
The wight closely misses you.
Unknown command.
Casting: Shock (safe; 2% risk of failure)
Confirm with . or Enter, or press ? or * to list all spells.
You blink. 3 wights and a hound come into view.
A wight is wielding a +2 long sword of freezing.
Found a club and 11 gold pieces.
Found a stone staircase leading up.
* * * LOW HITPOINT WARNING * * *
The wight barely misses you. The wight hits you but does no damage.
You feel stable enough to blink again.
The hound barks!
The wight hits you with a +0 mace!
* * * LOW HITPOINT WARNING * * *
Casting: Blink (safe; 3% risk of failure)
Confirm with . or Enter, or press ? or * to list all spells.
Okay, then.
Okay, then.
You feel better.
The wight hits you with a +2 long sword of freezing!
* * * LOW HITPOINT WARNING * * *
The wight freezes you.
You die...

..###.# ..# #.###
..###...#
####..#.################
..##.##....§)...........
..#..##########.........
)....# #.z)[..... .....#
#zzzh...$. ...###
#.@..<.... #....#
#......... #..).##
#......... ###...#
#......... #.....#
###.###.## #.....# .# .#
##..### .# ...## .#
.######.


You could see a hound and 4 wights.

Vanquished Creatures
  2 black bears
  A centaur (D:5)
  A phantom (D:5)
  A necrophage (D:5)
  3 scorpions
  A wight (D:6)
  3 hounds
  2 orc priests (D:4)
  7 adders
  6 gnolls (D:5)
  A shadow imp (D:4)
  2 worms
  2 dart slugs (D:2)
  12 orcs
  4 ball pythons
  4 endoplasms
  4 giant cockroaches
  9 hobgoblins
  4 jackals (D:4)
  5 kobolds
  5 quokkas
  6 bats
  8 frilled lizards
  6 goblins
  A rat (D:1)
  A spectral goblin (D:4)
101 creatures vanquished.

Vanquished Creatures (collateral kills)
  An ogre (D:5)
1 creature vanquished.

Grand Total: 102 creatures vanquished

Notes
Turn   | Place    | Note
-------+----------+-------------------------------------------
     0 | D:1      | arthad the Djinni Hedge Wizard began the quest for the Orb.
     0 | D:1      | arthad set off with the following spells memorised: Magic
                  | Dart, Slow, Blink, Call Imp, Cigotuvi's Dreadful Rot,
                  | Mephitic Cloud.
     0 | D:1      | Reached XP level 1. HP: 15/15 MP: 0/0
   194 | D:1      | Reached XP level 2. HP: 16/22 MP: 0/0
   629 | D:1      | Found Zitsixay's Assorted Antiques.
   634 | D:1      | Bought a scroll labelled VAIWNOUNNE for 22 gold pieces
   634 | D:1      | Bought a metallic blue potion for 19 gold pieces
   634 | D:1      | Bought a scroll labelled HOIZ SODWUG for 22 gold pieces
   725 | D:1      | Reached XP level 3. HP: 26/26 MP: 0/0
   725 | D:1      | Learned a level 1 spell: Shock
  1221 | D:2      | Reached skill level 1 in Fighting
  1612 | D:2      | Reached XP level 4. HP: 27/32 MP: 0/0
  2253 | D:3      | Found a sacrificial altar of Ru.
  2970 | D:3      | Noticed a black bear
  2973 | D:3      | Killed a black bear
  2974 | D:3      | Reached XP level 5. HP: 37/38 MP: 0/0
  2974 | D:3      | Learned a level 2 spell: Wereblood
  3193 | D:4      | Found a hazy altar of Hepliaklqana.
  3225 | D:4      | Reached XP level 6. HP: 38/43 MP: 0/0
  3355 | D:4      | Found Nusouv's Weapon Boutique.
  4129 | D:5      | Entered Level 5 of the Dungeon
  4224 | D:1      | Bought a wavering bronze ring for 110 gold pieces
  4224 | D:1      | Identified the ring "Jautof" {Fire rPois} (You bought it in
                  | a shop on level 1 of the Dungeon)
  4358 | D:5      | Found Qutax's Antique Weapon Shop.
  4364 | D:5      | Reached XP level 7. HP: 34/49 MP: 0/0
  4364 | D:5      | Learned a level 3 spell: Teleport Other
  4383 | D:5      | HP: 2/49 [gnoll/+0 whip (7)]
  4734 | D:1      | Bought a blackened glass ring for 110 gold pieces
  5062 | D:5      | Reached XP level 8. HP: 32/56 MP: 0/0
  5153 | D:5      | Found a glowing silver altar of Zin.
  5484 | D:5      | Found a staircase to the Ecumenical Temple.
  5597 | D:5      | Found an opulent altar of Gozag.
  5597 | D:5      | Found a sparkling altar of Nemelex Xobeh.
  5745 | D:6      | Reached skill level 5 in Spellcasting
  5826 | D:6      | Identified the ring of Truth {rPois rF+ Will+ Str+3}
  5836 | D:6      | Reached skill level 5 in Dodging
  6108 | D:6      | HP: 2/58 [wight/+0 mace (10)]
  6109 | D:6      | Slain by a wight

Illustrated notes

Levels and vault maps discovered:
D:1:      dpeg_arrival_arbitrary_c, layout_basic, serial_shops, shop
D:2:      minmay_spotlight, layout_basic
D:3:      layout_loops_ring, mainiacjoe_overflow_catwalk,
          nicolae_ru_sacrificial_ziggurat, st_stairs_12, grunt_decor_cap
D:4:      layout_loops_ring, nicolae_hepliaklqana_monster_ancestors,
          serial_shops, nicolae_take_the_stairs
D:5:      layout_loops_ring, grunt_temple_overflow_opulence,
          mainiacjoe_overflow_paths, minmay_temple_entry_wispy, serial_shops,
          shop_coins, serial_park_tiny_pond
D:6:      layout_rooms, mainiacjoe_overflow_alcove_4,
          nicolae_dithmenos_the_darkroom, hangedman_decor_push

Skill      XL: |  1  2  3  4  5  6  7  8 |
---------------+-------------------------+-----
Fighting       | 1 2 3 |  3.9
Stealth        | 2 3 4 |  4.1
Spellcasting   | 3 4 5 |  5.2
Dodging        | 3 4 5 |  5.1

Action                   |  1- 3 |  4- 6 |  7- 9 || total
-------------------------+-------+-------+-------++-------
Melee: Dagger            |     5 |     1 |       ||     6
       Whip              |       |       |     3 ||     3
Throw: Dart              |       |     4 |       ||     4
 Cast: Magic Dart        |   110 |   149 |   128 ||   387
       Call Imp          |     2 |     1 |     2 ||     5
       Shock             |       |     1 |     6 ||     7
       Mephitic Cloud    |       |       |     3 ||     3
       Blink             |       |       |     1 ||     1
  Use: Potion            |       |     1 |     2 ||     3
Armor: Robe              |    10 |    18 |       ||    28
       Leather armour    |       |     3 |    25 ||    28
Dodge: Dodged            |    22 |    46 |    43 ||   111

Table legend: (Time is in decaauts)
 A = Elapsed time spent in this place.
 B = Non-inter-level travel time spent in this place.
 C = Inter-level travel time spent in this place.
 D = Time resting spent in this place.
 E = Time spent auto-exploring this place.
 F = Levels seen in this place.
 G = Mean time per level.
                   A        B        C        D        E       F      G
               +--------+--------+--------+--------+--------+-----+--------+
         Total |   6113 |   5551 |    562 |    424 |   4367 |   6 | 1018.8 |
       Dungeon |   6113 |   5551 |    562 |    424 |   4367 |   6 | 1018.8 |
               +--------+--------+--------+--------+--------+-----+--------+

Top non-repeatable levels by time:
     D:2: 1330 daAuts
     D:5: 1144 daAuts
     D:4: 1136 daAuts
     D:3: 1028 daAuts
     D:1: 1028 daAuts
     D:6: 444 daAuts
